Map: Thunderbird LE

Players

SortOf

  • Race: Zerg Zerg
  • League: Diamond
  • Spawn Location: 5:00

DnS - Winner!

  • Race: Protoss Protoss
  • Spawn Location: 11:00

Event: 2019 WCS Summer

VOD

Have the link to the VOD?

Description

Time

  • Played on: July 12, 2019, 10:08 a.m.
  • Length: 11:04

All games in this series

Show
View Real Time Build Order
Export as new Build Order

SortOf Zerg 

Build Orders: Hatch First 

Get SALT Encoding   

  12  0:00  Drone  
  13  0:13  Overlord  
  13  0:17  Drone  
  14  0:31  Drone  
  14  0:32  Drone  
  16  0:49  Hatchery  
  15  0:51  Drone  
  15  0:54  Drone  
  17  0:58  Drone  
  18  1:10  Extractor  
  17  1:15  Spawning Pool  
  17  1:16  Drone  
  17  1:20  Drone  
  18  1:29  Drone  
  19  1:42  Drone  
  20  1:49  Overlord  
  20  2:01  Queen  
  20  2:02  Queen  
  20  2:04  Zergling x4  
  26  2:11  Drone x2  
  28  2:25  Drone x2  
  30  2:35  Hatchery  
  29  2:37  Pneumatized Carapace  
  29  2:38  Zergling x2  
  29  2:42  Drone  
  31  2:46  Overlord  
  31  2:50  Drone  
  32  2:55  Drone x2  
  34  3:04  Queen  
  36  3:09  Drone x3  
  36  3:11  Drone  
  39  3:19  Overlord  
  39  3:22  Drone  
  39  3:23  Drone  
  41  3:27  Drone  
  41  3:28  Metabolic Boost, Drone  
  43  3:38  Overlord  
  43  3:39  Drone  
  43  3:40  Queen  
  46  3:44  Drone x3  
  49  3:55  Queen, Spore Crawler  
  50  3:56  Spore Crawler  
  50  3:57  Drone  
  50  3:59  Drone x2  
  52  4:06  Drone x3  
  55  4:10  Zergling x4  
  55  4:11  Zergling x2  
  58  4:26  Drone  
  58  4:27  Drone  
  58  4:29  Drone  
  58  4:33  Overlord, Spore Crawler  
  58  4:34  Overlord  
  58  4:37  Lair, Roach Warren  
  56  4:41  Drone x3  
  56  4:43  Overlord  
  56  4:49  Drone x2  
  56  4:50  Overlord  
  56  4:52  Drone x2  
  60  4:54  Drone  
  60  4:55  Drone  
  60  4:58  Overlord  
  62  5:02  Extractor  
  62  5:04  Drone x3  
  62  5:06  Extractor  
  63  5:09  Drone x3  
  63  5:12  Drone x2  
  68  5:15  Drone x2  
  68  5:24  Drone x3  
  68  5:26  Extractor  
  70  5:29  Overlord  
  70  5:31  Overlord  
  70  5:32  Roach x4  
  78  5:40  Drone x2  
  78  5:41  Drone  
  78  5:42  Drone x3  
  84  5:46  Evolution Chamber  
  83  5:55  Overlord  
  83  5:57  Overseer, Roach x5  
  93  6:01  Hatchery  
  92  6:06  Glial Reconstitution  
  92  6:08  Drone  
  92  6:09  Drone x2, Overlord  
  95  6:11  Overseer, Overlord  
  95  6:14  Extractor  
  95  6:16  Extractor, Zerg Melee Weapons Level 1  
  95  6:17  Drone  
  94  6:18  Drone, Baneling Nest  
  94  6:19  Drone  
  94  6:22  Drone x3  
  98  6:26  Roach x2  
  100  6:35  Roach x2  
  100  6:39  Roach x3  
  103  6:48  Roach x5  
  103  6:50  Roach  
  109  6:56  Roach x2  
  109  6:57  Roach x2  
  109  7:01  Roach  
  100  7:09  Roach  
  100  7:12  Roach  
  93  7:16  Drone x2  
  95  7:23  Drone x2  
  95  7:25  Drone x2, Queen  
  95  7:28  Drone  
  100  7:34  Queen  
  100  7:35  Queen  
  102  7:41  Drone x3  
  99  7:45  Drone x3  
  99  7:48  Drone  
  103  7:54  Drone x3  
  106  7:59  Overlord  
  106  8:01  Roach  
  106  8:04  Roach  
  106  8:05  Overlord  
  110  8:08  Queen, Overlord  
  110  8:12  Overlord  
  112  8:18  Overlord  
  112  8:21  Roach  
  112  8:22  Roach  
  114  8:28  Roach x3  
  117  8:34  Drone x3  
  117  8:40  Drone x2  
  121  8:41  Drone x2  
  121  8:42  Centrifical Hooks  
  121  8:43  Queen, Zerg Melee Weapons Level 2  
  121  8:47  Roach  
  121  8:48  Roach x4  
  135  8:51  Drone  
  135  8:53  Extractor  
  135  8:55  Ravager x7  
  142  8:57  Zergling x4  
  144  9:06  Overlord  
  144  9:07  Zergling x2  
  144  9:08  Zergling x8  
  149  9:11  Overlord  
  149  9:13  Drone x2  
  151  9:20  Overlord  
  151  9:23  Baneling x11  
  151  9:26  Drone  
  151  9:27  Drone  
  151  9:29  Infestation Pit, Drone x5  
  157  9:32  Baneling  
  157  9:33  Baneling x8  
  157  9:36  Overlord  
  157  9:42  Zergling x4  
  157  9:43  Zergling x8  
  163  9:47  Overlord  
  163  9:48  Overlord  
  163  9:50  Ravager  
  163  9:51  Ravager x4  
  163  9:52  Zergling x4  
  170  10:01  Zergling x16  
  180  10:16  Zergling x24  
  187  10:28  Zergling x2  
  187  10:29  Zergling x6  
  187  10:30  Baneling x9  
  187  10:31  Baneling x14  
Show
View Real Time Build Order
Export as new Build Order

DnS Protoss - Winner!

Build Orders: 1 Gate Expand, Oracle Opening, Phoenix Opening, Archon Immortal, Archon Drop 

Get SALT Encoding   

  12  0:00  Probe  
  13  0:12  Probe  
  14  0:18  Pylon  
  14  0:24  Probe  
  15  0:32  Probe  
  15  0:37  Gateway  
  15  0:40  Probe  
  16  0:46  Assimilator  
  17  0:51  Probe  
  18  1:03  Probe  
  19  1:15  Probe  
  20  1:23  Nexus  
  20  1:34  Cybernetics Core  
  20  1:37  Probe  
  21  1:45  Assimilator  
  21  1:49  Probe  
  21  1:52  Pylon  
  22  2:00  Adept  
  22  2:01  Probe  
  23  2:13  Probe  
  26  2:18  Stargate  
  26  2:24  Probe  
  26  2:26  Warp Gate  
  27  2:32  Probe, Adept  
  27  2:33  Probe  
  31  2:40  Probe  
  31  2:41  Probe  
  31  2:50  Probe  
  33  2:52  Probe  
  35  2:59  Phoenix  
  35  3:02  Probe  
  35  3:04  Probe  
  37  3:14  Probe  
  37  3:15  Gateway  
  37  3:18  Adept  
  40  3:20  Oracle  
  40  3:23  Probe  
  40  3:27  Probe  
  45  3:30  Assimilator  
  45  3:31  Pylon  
  45  3:35  Probe  
  46  3:49  Probe x2  
  46  3:51  Nexus  
  46  3:54  Pylon  
  48  4:01  Probe x2  
  50  4:03  Robotics Facility  
  50  4:07  Assimilator  
  50  4:10  Twilight Council  
  50  4:13  Probe  
  50  4:14  Probe  
  52  4:25  Probe  
  52  4:27  Probe  
  52  4:30  Gateway  
  52  4:31  Gateway  
  52  4:33  Zealot  
  52  4:37  Charge  
  52  4:40  Warp Prism  
  52  4:51  Templar Archives  
  54  5:00  Gateway  
  54  5:01  Gateway  
  54  5:03  Zealot  
  56  5:08  Adept  
  58  5:14  Gateway  
  58  5:15  Gateway  
  56  5:26  Probe x3  
  59  5:38  Probe  
  59  5:39  Probe, Pylon  
  59  5:42  High Templar x3  
  63  5:43  High Templar  
  63  5:46  Archon x2, Pylon  
  63  5:47  Pylon  
  69  5:55  Pylon  
  69  5:57  Observer, Probe x3  
  73  6:09  Probe x2  
  75  6:15  Zealot x7  
  75  6:16  Zealot  
  75  6:17  Probe  
  92  6:21  Probe, Immortal  
  92  6:24  Probe, Pylon  
  94  6:42  Probe  
  94  6:46  Zealot x6  
  94  6:47  Zealot x2  
  105  6:50  Probe x2  
  105  6:52  Immortal  
  105  6:55  Probe, Forge  
  100  7:02  Assimilator, Probe x2  
  100  7:03  Assimilator  
  104  7:11  Sentry x3  
  102  7:17  Probe x2  
  102  7:19  Protoss Ground Weapons Level 1  
  102  7:23  Probe  
  102  7:29  Probe, Shield Battery  
  100  7:30  High Templar x4  
  100  7:35  Archon x2, Pylon x2  
  100  7:36  Pylon  
  108  7:44  Immortal  
  108  7:53  Psionic Storm  
  108  7:55  Pylon  
  108  7:57  Zealot x2  
  108  7:58  Zealot x2  
  120  8:11  High Templar x2  
  124  8:15  Immortal  
  124  8:19  Nexus  
  124  8:22  Pylon  
  124  8:24  Pylon  
  130  8:27  Probe x3  
  131  8:38  High Templar x2  
  131  8:39  Probe  
  136  8:43  Gateway x2  
  136  8:44  Photon Cannon  
  136  8:46  Photon Cannon  
  136  8:47  Probe x2  
  136  8:48  Gateway  
  138  8:50  Immortal  
  138  8:51  Probe  
  138  8:52  Gateway x2  
  138  8:55  Assimilator  
  139  8:57  Assimilator  
  143  9:10  Pylon  
  143  9:11  Photon Cannon  
  143  9:12  Photon Cannon  
  143  9:15  Gateway  
  143  9:18  High Templar x2  
  147  9:27  Immortal  
  147  9:28  Photon Cannon  
  147  9:30  Photon Cannon  
  151  9:46  High Templar x2  
  151  9:48  Photon Cannon  
  151  9:50  Photon Cannon, Archon  
  155  9:58  Zealot x9  
  173  10:14  Pylon  
  173  10:16  Pylon  
  173  10:18  Pylon  
  173  10:28  Zealot x7  
  172  10:47  Archon  
  172  10:48  Archon x2  
  146  10:52  Zealot x9  
  144  11:03  High Templar x3  
Tags
 
Add a new tag
Caveats
  • Supply blocks, unpowered buildings, or Contaminate may cause inaccurate times.
  • Supply counts are checked every 10 seconds.